[Event "Titled Tuesday Blitz March 01 Late 2022"]
[White "Garriga Cazorla, Pere"]
[Black "Suder, Jakub"]
[WhiteFideId "32011601"]
[BlackFideId "1195310"]
[WhiteElo "2458"]
[BlackElo "2058"]
[Result "1/2-1/2"]
[Round "06"]
[TimeControl "180+1"]
[Date "2022.03.02"]
[WhiteClock "0:00:15"]
[BlackClock "0:00:05"]

1. d4 d5 2. c4 e6 3. Nc3 a6 4. cxd5 exd5 5. Nf3 Nf6 6. Bg5 Be6 7. Qb3 Ra7 8. e3 Nbd7 9. Bd3 Bd6 10. Bf4 Qe7 11. O-O O-O 12. h3 b5 13. a4 c5 14. Bxd6 Qxd6 15. dxc5 Nxc5 16. Qa3 b4 17. Qxb4 Rb7 18. Qd4 Nb3 19. Qh4 Nxa1 20. Rxa1 Rxb2 21. Nd4 Rc8 22. Nce2 Qe5 23. Nf3 Qb8 24. Ned4 Rc3 25. Bxa6 Ne4 26. Rf1 Rb1 27. Rxb1 Qxb1+ 28. Kh2 Qb8+ 29. Qf4 Qxf4+ 30. exf4 Nxf2 31. Bb7 Ra3 32. Bc6 h5 33. f5 Bc8 34. Kg3 Ne4+ 35. Kf4 Nc3 36. Ke5 Nxa4 37. Bxd5 Nc3 38. Bc4 Ra5+ 39. Kf4 Kf8 40. g3 Nd5+ 41. Kg5 Nf6 42. Kf4 Rc5 43. Bb3 Bb7 44. Ng5 Bd5 45. Bd1 Ke7 46. Be2 Bc4 47. Bf3 Bd3 48. g4 hxg4 49. hxg4 Bc4 50. Nh3 Bd5 51. Be2 Ra5 52. Nf2 Ra4 53. Ke3 Bc4 54. Bf3 Ra3+ 55. Kf4 Nd5+ 56. Bxd5 Bxd5 57. Ke5 Ra5 58. Kf4 Ra2 59. Nd3 Bb7 60. g5 Rd2 61. Ke3 Rd1 62. Nf4 Rg1 63. g6 fxg6 64. Nxg6+ Kf6 65. Nf4 Bc8 66. Nd5+ Ke5 67. Ne7 Bd7 68. Nf3+ Kf6 69. Nd5+ Kxf5 70. Nxg1 Ke5 71. Nc3 Be6 72. Nf3+ Kf6 73. Kf4 g5+ 74. Nxg5 Bf5 75. Nd5+ Kg7 76. Ke5 Kh6 77. Kf6 Kh5 78. Ne3 Kh4 79. Nf7 Kg3 80. Ke5 Kf3 81. Nd5 Be6 82. Ng5+ Kg4 83. Nxe6 1/2-1/2


[Site "https://www.chess.com"]

[Event "Titled Tuesday Blitz March 01 Late 2022"]
[White "Gerbelli Neto, Eduardo"]
[Black "Okike, David"]
[WhiteFideId "2103281"]
[BlackFideId "8500134"]
[WhiteElo "2178"]
[BlackElo "2232"]
[Result "1-0"]
[Round "06"]
[TimeControl "180+1"]
[Date "2022.03.02"]
[WhiteClock "0:00:57"]
[BlackClock "0:01:24"]

1. e4 c5 2. Nc3 Nc6 3. f4 g6 4. Nf3 Bg7 5. Bc4 Nh6 6. O-O O-O 7. d3 d6 8. Qe1 Bg4 9. f5 gxf5 10. Qh4 fxe4 11. dxe4 Bxf3 12. Bxh6 Bd4+ 13. Kh1 Ne5 14. Qg5+ Ng6 15. gxf3 Re8 16. f4 Bf6 17. Qg2 Kh8 18. Bxf7 Rf8 19. Bxg6 Rg8 20. f5 hxg6 21. fxg6 Qe8 22. Rxf6 exf6 23. Rg1 Qe5 24. Bf4 Qh5 25. Nd5 Raf8 26. Bxd6 Rd8 27. Be7 Rdf8 28. Bxf8 Rxf8 29. g7+ 1-0


[Site "https://www.chess.com"]

[Event "Titled Tuesday Blitz March 01 Late 2022"]
[White "Glavina, Pablo"]
[Black "Ashiev, Eduard"]
[WhiteFideId "100234"]
[BlackFideId "4130090"]
[WhiteElo "2369"]
[BlackElo "2004"]
[Result "1-0"]
[Round "06"]
[TimeControl "180+1"]
[Date "2022.03.02"]
[WhiteClock "0:00:09"]
[BlackClock "0:00:01"]

1. e4 e5 2. Nf3 Nc6 3. Bb5 Nge7 4. d4 exd4 5. Nxd4 g6 6. O-O Bg7 7. Nxc6 bxc6 8. Bc4 d5 9. Bb3 O-O 10. Nc3 d4 11. Ne2 c5 12. Bc4 Bb7 13. Ng3 Nc6 14. Bd5 Qd7 15. h3 Rae8 16. Re1 Ba6 17. Qg4 Qxd5 18. exd5 Rxe1+ 19. Kh2 Nb4 20. c3 Nd3 21. Qg5 Nxf2 22. Qd2 Nd3 23. c4 Bxc4 24. b3 Ba6 25. Bb2 Rxa1 26. Bxa1 Re8 27. Qa5 Nb4 28. Qxc5 Rb8 29. Qxc7 Rc8 30. Qxa7 d3 31. Bxg7 d2 32. Qd4 Nc2 33. Qxd2 Kxg7 34. d6 Rd8 35. Qxc2 Rxd6 36. Qc3+ Kg8 37. Ne4 Re6 38. Nf6+ Kf8 39. Nd7+ Ke7 40. Nc5 Rc6 41. Qe3+ Kd6 42. Nxa6 Rxa6 43. Qd3+ Kc5 44. Qxa6 Kd4 45. Qa7+ 1-0


[Site "https://www.chess.com"]

[Event "Titled Tuesday Blitz March 01 Late 2022"]
[White "Goryachkina, Aleksandra"]
[Black "Cardoso Cardoso, Jose Gabriel"]
[WhiteFideId "4147103"]
[BlackFideId "4430492"]
[WhiteElo "2426"]
[BlackElo "2451"]
[Result "1-0"]
[Round "06"]
[TimeControl "180+1"]
[Date "2022.03.01"]
[WhiteClock "0:00:14"]
[BlackClock "0:00:02"]

1. e4 g6 2. d4 Bg7 3. c4 d6 4. Nc3 Nc6 5. Be3 e5 6. d5 Nd4 7. Qd2 c5 8. dxc6 bxc6 9. Nge2 c5 10. Nd5 Be6 11. Nec3 Rb8 12. Be2 Qd7 13. Bd1 Qb7 14. Ba4+ Kf8 15. O-O Nf6 16. Nxf6 Bxf6 17. b3 h5 18. f4 Kg7 19. Rae1 exf4 20. Bxf4 Be5 21. Bxe5+ dxe5 22. Qg5 Qc7 23. Rf6 h4 24. Ref1 Rh5 25. Qd2 Qa5 26. Kh1 Ne2 27. Rxe6 fxe6 28. Qd7+ Kh6 29. Nxe2 Rd8 30. Qxe6 Qd2 31. Ng1 h3 32. Nxh3 Qe2 33. Qf6 Re8 34. Bxe8 1-0


[Site "https://www.chess.com"]

[Event "Titled Tuesday Blitz March 01 Late 2022"]
[White "Gracia Alvarez, Gerardo Antonio"]
[Black "Kim, Sergey"]
[WhiteFideId "5109124"]
[BlackFideId "13700570"]
[WhiteElo "2139"]
[BlackElo "2611"]
[Result "1-0"]
[Round "06"]
[TimeControl "180+1"]
[Date "2022.03.02"]
[WhiteClock "0:00:44"]
[BlackClock "0:00:30"]

1. c4 Nf6 2. Nc3 g6 3. e4 d6 4. d4 Bg7 5. Be2 O-O 6. Be3 e5 7. d5 a5 8. g4 Na6 9. h4 Nc5 10. f3 Bd7 11. h5 c6 12. Qd2 cxd5 13. cxd5 Ne8 14. Bh6 Bxh6 15. Qxh6 g5 16. f4 exf4 17. Nf3 f6 18. O-O-O Qe7 19. Nd4 Nxe4 20. Nxe4 Qxe4 21. Bd3 Qe3+ 22. Kb1 Rf7 23. Rhe1 Qf3 24. Nf5 Qxg4 25. Nd4 f3 26. Re4 Qg2 27. Ne6 f2 28. Re3 Qg4 29. Rf1 Rc8 30. Re2 Qf3 31. Rd2 Qe3 32. Bxh7+ Kh8 33. Bg6+ Kg8 34. Bxf7+ Kxf7 35. Qf8# 1-0


[Site "https://www.chess.com"]

[Event "Titled Tuesday Blitz March 01 Late 2022"]
[White "Grigorov, Grigor"]
[Black "Melkumyan, Hrant"]
[WhiteFideId "2907313"]
[BlackFideId "13302485"]
[WhiteElo "2510"]
[BlackElo "2604"]
[Result "0-1"]
[Round "06"]
[TimeControl "180+1"]
[Date "2022.03.01"]
[WhiteClock "0:00:01"]
[BlackClock "0:00:44"]

1. d4 Nf6 2. Nf3 g6 3. Bg5 Bg7 4. Nbd2 O-O 5. c3 d6 6. e4 Nc6 7. Bb5 a6 8. Be2 e5 9. dxe5 dxe5 10. O-O h6 11. Bh4 Qe8 12. Qc2 Nh5 13. Nc4 Nf4 14. Ne3 Nxe2+ 15. Qxe2 f5 16. exf5 gxf5 17. Nc4 e4 18. Nfd2 Be6 19. f4 Qf7 20. a4 Kh7 21. Ne3 Rg8 22. Kh1 Ne7 23. g4 Ng6 24. Bg3 Rae8 25. Rad1 Rgf8 26. gxf5 Bxf5 27. Ndc4 Bh3 28. Rf2 Ne7 29. f5 Nxf5 30. Nxf5 Bxf5 31. Ne3 Qg6 32. Bxc7 Bh3 33. Rg1 Rxf2 34. Qxf2 Qh5 35. Rg3 Rf8 36. Qg1 Bh8 37. Bb6 Be5 38. Bd4 Bxg3 39. Qxg3 Qf3+ 40. Qxf3 exf3 41. Nd1 Re8 0-1


[Site "https://www.chess.com"]

[Event "Titled Tuesday Blitz March 01 Late 2022"]
[White "Grischuk, Alexander"]
[Black "Tari, Aryan"]
[WhiteFideId "4126025"]
[BlackFideId "1510045"]
[WhiteElo "2762"]
[BlackElo "2567"]
[Result "1-0"]
[Round "06"]
[TimeControl "180+1"]
[Date "2022.03.01"]
[WhiteClock "0:00:05"]
[BlackClock "0:00:01"]

1. e4 c6 2. d4 d5 3. e5 Bf5 4. Nf3 e6 5. Be2 Ne7 6. c3 Ng6 7. O-O f6 8. c4 Be7 9. Nc3 O-O 10. exf6 Bxf6 11. Be3 Nd7 12. Rc1 h6 13. b4 Ne7 14. b5 Bg4 15. h3 Bxf3 16. Bxf3 Nf5 17. Bg4 Bg5 18. Bxf5 Rxf5 19. bxc6 bxc6 20. Qe2 Bxe3 21. Qxe3 Rf6 22. cxd5 cxd5 23. Na4 Nb6 24. Nxb6 axb6 25. Rc2 Qd6 26. Rfc1 Ra3 27. Rc8+ Kh7 28. R1c3 Rxa2 29. Qd3+ Rf5 30. Rc2 Ra1+ 31. Rc1 Rxc1+ 32. Rxc1 Qf4 33. Rc2 h5 34. Re2 h4 35. f3 Qc1+ 36. Kf2 Qh6 37. Rb2 Qf4 38. Rxb6 Qg3+ 39. Kf1 Qg6 40. Rb2 Rf4 41. Qe3 Qf6 42. Rd2 g5 43. Kg1 Kh6 44. Kh1 Kg6 45. Rd1 Kh6 46. Rd2 Kg6 47. Rd1 Kh6 48. Qc3 Qg7 49. Qc8 Qf6 50. Re1 e5 51. Rxe5 Qg7 52. Re6+ Rf6 53. Qc6 Rxe6 54. Qxe6+ Kh5 55. Qxd5 Qc7 56. Qe5 Qc1+ 57. Kh2 Qd2 58. Qe8+ Kh6 59. Qe6+ Kh5 60. Qe5 Kh6 61. d5 Kg6 62. d6 Kf7 63. Qf5+ Ke8 64. Qe6+ Kf8 65. Qe7+ Kg8 66. Qe5 Kf7 67. f4 Qxf4+ 68. Qxf4+ gxf4 69. Kg1 Ke6 70. Kf2 Kxd6 71. Kf3 Ke5 72. Kg4 Ke4 73. Kxh4 Ke3 74. Kg4 1-0


[Site "https://www.chess.com"]

[Event "Titled Tuesday Blitz March 01 Late 2022"]
[White "Gulecyuz, Deniz"]
[Black "Yordanov, Nikolay Plamenov"]
[WhiteFideId "30921341"]
[BlackFideId "2907445"]
[WhiteElo "1925"]
[BlackElo "2248"]
[Result "0-1"]
[Round "06"]
[TimeControl "180+1"]
[Date "2022.03.02"]
[WhiteClock "0:00:30"]
[BlackClock "0:01:35"]

1. Nf3 Nf6 2. g3 g6 3. Bg2 Bg7 4. O-O O-O 5. c4 d6 6. Nc3 Nc6 7. d4 a6 8. e4 Bg4 9. Be3 e5 10. d5 Nd4 11. Re1 Nxf3+ 12. Bxf3 Bxf3 13. Qxf3 b6 14. b4 Qd7 15. c5 bxc5 16. bxc5 Ng4 17. c6 Qc8 18. Bd2 f5 19. h3 Nf6 20. Bg5 Nxe4 21. Nxe4 fxe4 22. Qg2 Qf5 23. Be3 Rab8 24. Rab1 h5 25. Rb7 Rbc8 26. h4 Kh7 27. Reb1 Rf7 28. R1b4 Bh6 29. Qxe4 Bxe3 30. Qxf5 Rxf5 31. fxe3 Rcf8 32. Rxc7+ Kh6 33. Rbb7 Rf1+ 0-1


[Site "https://www.chess.com"]

[Event "Titled Tuesday Blitz March 01 Late 2022"]
[White "Guseinov, Gadir"]
[Black "Thavandiran, Shiyam"]
[WhiteFideId "13401378"]
[BlackFideId "2605058"]
[WhiteElo "2581"]
[BlackElo "2357"]
[Result "0-1"]
[Round "06"]
[TimeControl "180+1"]
[Date "2022.03.01"]
[WhiteClock "0:00:09"]
[BlackClock "0:00:47"]

1. e4 e6 2. d4 d5 3. e5 c5 4. c3 Nc6 5. Nf3 Bd7 6. Be2 Nge7 7. Na3 cxd4 8. cxd4 Nf5 9. Nc2 Qb6 10. O-O a5 11. Bd3 Nfxd4 12. Nfxd4 Nxd4 13. Be3 Bc5 14. Nxd4 Bxd4 15. Qg4 Bxe3 16. Qxg7 O-O-O 17. fxe3 Qxe3+ 18. Kh1 Qxd3 19. Rxf7 Bc6 20. Rc1 Qb5 21. Qh6 Qxb2 22. Rxc6+ bxc6 23. Qxe6+ Kb8 24. g3 Qc1+ 25. Kg2 Rhe8 26. Qf5 Qb2+ 27. Kh3 Rxe5 28. Qxh7 Re2 29. Kg4 Rxh2 30. Qg6 Qe2+ 31. Kg5 Qe5+ 32. Kg4 Qe4+ 0-1


[Site "https://www.chess.com"]

[Event "Titled Tuesday Blitz March 01 Late 2022"]
[White "Gutenev, Alexander"]
[Black "Quesada Perez, Yuniesky"]
[WhiteFideId "4195540"]
[BlackFideId "3504409"]
[WhiteElo "2403"]
[BlackElo "2622"]
[Result "1-0"]
[Round "06"]
[TimeControl "180+1"]
[Date "2022.03.01"]
[WhiteClock "0:00:31"]
[BlackClock "0:00:57"]

1. e4 d5 2. exd5 Qxd5 3. Nc3 Qa5 4. d4 Nf6 5. Nf3 Bf5 6. Bc4 e6 7. Bd2 Bb4 8. Qe2 O-O 9. O-O-O Nc6 10. a3 Bxa3 11. bxa3 Qxa3+ 12. Kb1 Nb4 13. Ne1 b5 14. Nxb5 Qa4 15. Kb2 Nxc2 16. Bb3 Nxd4 17. Bxa4 Nxe2 18. Bb4 Rfb8 19. Ka3 Nd5 20. Rxd5 exd5 21. Nxc7 a5 22. Bc5 Nc3 23. Nf3 Nb1+ 24. Rxb1 Bxb1 25. Nxa8 Rxa8 26. Nd4 Rc8 27. Bb6 Bd3 28. Bxa5 Rc1 29. Bb3 Bc4 30. Bd2 Rd1 31. Be3 h5 32. Bxd1 1-0


[Site "https://www.chess.com"]

[Event "Titled Tuesday Blitz March 01 Late 2022"]
[White "Guz, Ari"]
[Black "Nilsen, Tobias Lang"]
[WhiteFideId "2825759"]
[BlackFideId "1521624"]
[WhiteElo "1913"]
[BlackElo "2013"]
[Result "1/2-1/2"]
[Round "06"]
[TimeControl "180+1"]
[Date "2022.03.02"]
[WhiteClock "0:00:04"]
[BlackClock "0:00:17"]

1. Nf3 d5 2. b3 Bg4 3. Bb2 Nd7 4. d4 Ngf6 5. e3 e6 6. Be2 Bd6 7. O-O Ne4 8. Nbd2 f5 9. c4 c6 10. Ne5 Bxe2 11. Qxe2 Qf6 12. Nxd7 Kxd7 13. Nxe4 fxe4 14. f3 exf3 15. Rxf3 Qg6 16. Raf1 Rhf8 17. cxd5 exd5 18. h3 Rxf3 19. Rxf3 Rf8 20. Bc3 Rxf3 21. Qxf3 Qb1+ 22. Qf1 Qxf1+ 23. Kxf1 Ke6 24. Ke2 Bc7 25. Kf3 b6 26. e4 dxe4+ 27. Kxe4 Bd8 28. Be1 Bf6 29. Bg3 a6 30. Bc7 b5 31. g4 g6 32. a4 Be7 33. axb5 cxb5 34. d5+ Kd7 35. Be5 a5 36. Kd4 Bd6 37. Bf6 Be7 38. Be5 a4 39. bxa4 bxa4 40. Kc4 Bd6 41. Bf6 Bf4 42. Bb2 Bd6 43. Bf6 Bf8 44. Be5 a3 45. Kb3 Kc8 46. Bd4 Kc7 47. Be5+ Bd6 48. Bf6 Kb7 49. Bd4 Ka6 50. Be3 Kb5 51. Bd4 a2 52. Kxa2 Kc4 53. Bf6 Kxd5 54. Kb3 Ke4 55. Kc4 Kf3 56. Kd5 Ba3 57. Ke6 Kg3 58. Kf7 Kxh3 59. g5 Kg4 60. Kg7 Kf5 61. Kxh7 Bc1 62. Kh6 Bd2 63. Bd8 Bb4 64. Bf6 Bf8+ 65. Kh7 Bd6 66. Kh6 Bf4 67. Bd8 Be5 68. Be7 Bd4 69. Bd8 Bc5 70. Bf6 Ba3 71. Bd8 Bb2 72. Be7 Bc3 73. Bd8 Ba1 74. Be7 Bb2 75. Bd8 Ba3 76. Bf6 Bf8+ 77. Kh7 Bd6 78. Kh6 Bf4 79. Bd8 Bg3 80. Bf6 Bh4 81. Bd8 Be1 82. Bf6 Bd2 83. Bd8 Bc3 84. Be7 Bd2 85. Bf6 Be3 86. Bd8 Ke6 87. Bf6 Kf7 88. Kh7 Bc5 89. Kh6 Ba3 90. Kh7 Bf8 91. Bg7 Be7 92. Bh6 Bd8 93. Kh8 Ke6 94. Kg7 Kf5 95. Kh7 Bxg5 96. Bf8 Bf4 97. Be7 Bg5 98. Bf8 Bf6 99. Bh6 Bg5 100. Bf8 1/2-1/2


[Site "https://www.chess.com"]

[Event "Titled Tuesday Blitz March 01 Late 2022"]
[White "Dronavalli, Harika"]
[Black "Szente Varga, Fruzsina"]
[WhiteFideId "5015197"]
[BlackFideId "712264"]
[WhiteElo "2382"]
[BlackElo "1994"]
[Result "1-0"]
[Round "06"]
[TimeControl "180+1"]
[Date "2022.03.02"]
[WhiteClock "0:01:15"]
[BlackClock "0:00:18"]

1. d4 Nf6 2. c4 g6 3. h4 h5 4. Nc3 d5 5. Bg5 dxc4 6. e4 Nc6 7. Nf3 Bg4 8. d5 Bxf3 9. gxf3 Ne5 10. f4 Nd3+ 11. Bxd3 cxd3 12. Qxd3 Qd7 13. e5 Nh7 14. e6 Qc8 15. Nb5 a6 16. Qc3 f6 17. Nxc7+ Kd8 18. Nxa8 Qxa8 19. d6 Qc8 20. Qxc8+ Kxc8 21. Rc1+ Kb8 22. d7 Bg7 23. Ke2 fxg5 24. fxg5 Rd8 25. Rc2 Nf8 26. Rhc1 Nxe6 27. Rc8+ Ka7 28. Rxd8 Nxd8 29. Rc8 Nc6 30. Rxc6 bxc6 31. d8=Q 1-0


[Site "https://www.chess.com"]

[Event "Titled Tuesday Blitz March 01 Late 2022"]
[White "Hjartarson, Johann"]
[Black "Saraci, Nderim"]
[WhiteFideId "2300044"]
[BlackFideId "6351921"]
[WhiteElo "2484"]
[BlackElo "2573"]
[Result "0-1"]
[Round "06"]
[TimeControl "180+1"]
[Date "2022.03.01"]
[WhiteClock "0:00:56"]
[BlackClock "0:00:40"]

1. e4 c5 2. Ne2 g6 3. Nbc3 Bg7 4. g3 Nc6 5. Bg2 d6 6. d3 Nf6 7. O-O O-O 8. h3 Rb8 9. Be3 b5 10. Qd2 b4 11. Nd1 a5 12. a3 Nd7 13. axb4 axb4 14. Bh6 Bb7 15. Bxg7 Kxg7 16. Ne3 Ra8 17. Ng4 Nde5 18. Qh6+ Kg8 19. Ne3 Nd4 20. Nf4 Qd7 21. Kh1 Rxa1 22. Rxa1 Ra8 23. Rxa8+ Bxa8 24. Nfd5 Bxd5 25. Nxd5 Nxc2 26. f4 Nxd3 27. f5 Qd8 28. Qd2 Nde1 29. Bf1 b3 30. Bc4 Nf3 31. Qf4 Ne5 32. f6 exf6 33. Bxb3 Nd4 34. Nxf6+ Kg7 35. Ng4 Nxb3 0-1


[Site "https://www.chess.com"]

[Event "Titled Tuesday Blitz March 01 Late 2022"]
[White "Holt, Conrad"]
[Black "Bortnyk, Olexandr"]
[WhiteFideId "2034387"]
[BlackFideId "14120828"]
[WhiteElo "2586"]
[BlackElo "2723"]
[Result "0-1"]
[Round "06"]
[TimeControl "180+1"]
[Date "2022.03.01"]
[WhiteClock "0:00:06"]
[BlackClock "0:00:02"]

1. d4 d6 2. Nf3 Nf6 3. c4 g6 4. Nc3 Bf5 5. d5 Bg7 6. Nd4 Bd7 7. e4 c5 8. Nc2 Na6 9. Be2 Nc7 10. O-O a6 11. a4 b5 12. axb5 axb5 13. Rxa8 Qxa8 14. cxb5 O-O 15. Bg5 Rb8 16. Na3 Qa5 17. Qc2 Qb4 18. h3 Nfe8 19. Bd2 f5 20. Bc4 Qa5 21. Re1 Qa8 22. exf5 Bxf5 23. Qd1 Bf6 24. Qf3 Ng7 25. g4 Bd7 26. Qd3 Qa7 27. g5 Bf5 28. Qf3 Be5 29. Bf4 Bxf4 30. Qxf4 Na8 31. Qe3 Re8 32. Bf1 Bd7 33. Ra1 Nf5 34. Qe4 Nc7 35. Nc2 Qb7 36. Ra3 Rf8 37. h4 Rf7 38. Be2 Na8 39. h5 Nb6 40. h6 Qc7 41. Bf1 Bc8 42. Bg2 Bd7 43. Ra6 Bc8 44. Ra1 Qd8 45. Re1 Bd7 46. f4 Qc7 47. Kh2 Qd8 48. Bh3 Qc8 49. Rd1 Nh4 50. Bxd7 Qxd7 51. Qh1 Rxf4 52. Rf1 Qf5 53. Rxf4 Qxf4+ 54. Kh3 Nf5 55. Qe1 Qxg5 56. Qe6+ Kf8 57. Ne4 Qxh6+ 58. Kg2 Qf4 59. b4 cxb4 60. Nxb4 Ne3+ 61. Kh3 Qf3+ 62. Kh4 Ng2+ 63. Kg5 Qf4# 0-1


[Site "https://www.chess.com"]

[Event "Titled Tuesday Blitz March 01 Late 2022"]
[White "Hua, Lefong"]
[Black "Nakamura, Hikaru"]
[WhiteFideId "2602253"]
[BlackFideId "2016192"]
[WhiteElo "2597"]
[BlackElo "2850"]
[Result "0-1"]
[Round "06"]
[TimeControl "180+1"]
[Date "2022.03.01"]
[WhiteClock "0:00:50"]
[BlackClock "0:01:39"]

1. d4 g6 2. c4 Bg7 3. e4 d6 4. f4 c5 5. d5 b5 6. cxb5 a6 7. Nc3 Nf6 8. Nf3 O-O 9. a4 axb5 10. Bxb5 Ba6 11. Bd2 Ne8 12. O-O Nc7 13. Qe2 Bxb5 14. axb5 Nd7 15. Qd3 Qb8 16. Rfe1 Nb6 17. b3 Qb7 18. h3 Rfc8 19. Kh2 Rxa1 20. Rxa1 Nd7 21. Qc4 Nxb5 22. e5 Nxc3 23. Bxc3 Nb6 24. Qb5 Rb8 25. Rd1 Nd7 26. Qxb7 Rxb7 27. Rb1 Nb6 28. Rd1 Na8 29. Rb1 Nc7 30. exd6 exd6 31. Bxg7 Kxg7 32. Re1 Nxd5 33. Rd1 Nxf4 34. Rxd6 Rxb3 35. Rc6 Rb2 36. Rxc5 Rxg2+ 37. Kh1 Rg3 38. Ne5 Rxh3+ 39. Kg1 Rg3+ 40. Kh2 Rg2+ 41. Kh1 Re2 42. Ng4 h5 0-1


[Site "https://www.chess.com"]

[Event "Titled Tuesday Blitz March 01 Late 2022"]
[White "Indjic, Aleksandar"]
[Black "Mirzoev, Azer"]
[WhiteFideId "911925"]
[BlackFideId "13400304"]
[WhiteElo "2616"]
[BlackElo "2525"]
[Result "1-0"]
[Round "06"]
[TimeControl "180+1"]
[Date "2022.03.01"]
[WhiteClock "0:00:49"]
[BlackClock "0:00:05"]

1. e4 e5 2. Nf3 Nc6 3. Bb5 a6 4. Ba4 Nge7 5. c3 d6 6. d4 Bd7 7. O-O Ng6 8. Be3 Be7 9. Nbd2 O-O 10. h3 Re8 11. a3 h6 12. Bb3 Bf6 13. Ba2 Qc8 14. Re1 Rb8 15. b4 Nce7 16. Nf1 Be6 17. Ng3 Bxa2 18. Rxa2 Kh7 19. d5 Nh4 20. c4 g6 21. c5 Nxf3+ 22. Qxf3 Ng8 23. Rc1 Qd8 24. Rac2 Re7 25. a4 Bg5 26. cxd6 cxd6 27. Bxg5 hxg5 28. Qg4 Rd7 29. a5 Kg7 30. Qe2 Nf6 31. Qe3 Ne8 32. Qb6 Qxb6 33. axb6 Rbd8 34. f3 Nf6 35. Nf1 Kf8 36. Ne3 Ke7 37. Nc4 Rc8 38. Na5 Rxc2 39. Rxc2 Kd8 40. Nc6+ bxc6 41. dxc6 Re7 42. c7+ Kc8 43. b7+ 1-0


[Site "https://www.chess.com"]

[Event "Titled Tuesday Blitz March 01 Late 2022"]
[White "Janturin, Artur"]
[Black "Leenhouts, Koen"]
[WhiteFideId "4130022"]
[BlackFideId "1008439"]
[WhiteElo "2331"]
[BlackElo "2409"]
[Result "1-0"]
[Round "06"]
[TimeControl "180+1"]
[Date "2022.03.02"]
[WhiteClock "0:01:18"]
[BlackClock "0:00:06"]

1. b3 d5 2. Bb2 Nf6 3. e3 c5 4. f4 Nc6 5. Bb5 Qb6 6. a4 a6 7. a5 Qc7 8. Bxc6+ Qxc6 9. Nf3 Bg4 10. O-O Bxf3 11. Qxf3 e6 12. d3 Be7 13. Nd2 O-O-O 14. f5 Rhe8 15. Ra4 Bd6 16. e4 d4 17. Nc4 Bc7 18. Raa1 Kb8 19. Bc1 exf5 20. Qxf5 Re6 21. Bd2 h5 22. Rf3 Ng4 23. h3 Nf6 24. Raf1 Rde8 25. Qg5 Ka7 26. Qxg7 Rg8 27. Qxf7 Bb8 28. Rxf6 Qc7 29. Qxc7 1-0


[Site "https://www.chess.com"]

[Event "Titled Tuesday Blitz March 01 Late 2022"]
[White "Jobava, Baadur"]
[Black "Jaracz, Pawel"]
[WhiteFideId "13601520"]
[BlackFideId "1102222"]
[WhiteElo "2617"]
[BlackElo "2429"]
[Result "1-0"]
[Round "06"]
[TimeControl "180+1"]
[Date "2022.03.01"]
[WhiteClock "0:01:12"]
[BlackClock "0:00:11"]

1. b3 d5 2. Bb2 Bg4 3. f3 Bd7 4. e3 e6 5. f4 c5 6. Nf3 Nc6 7. g4 f6 8. Bg2 Bd6 9. Nc3 Nh6 10. g5 Nf5 11. Ne2 Qe7 12. Ng3 O-O-O 13. Qe2 e5 14. gxf6 gxf6 15. fxe5 fxe5 16. O-O-O e4 17. Nxf5 Bxf5 18. Bxh8 Rxh8 19. Ng1 Qg7 20. Kb1 Kc7 21. Bh3 Bg6 22. Rf1 d4 23. Bf5 d3 24. cxd3 exd3 25. Qxd3 Ne5 26. Qe4 Rf8 27. Ne2 Rxf5 28. Rxf5 Nd7 29. Rhf1 Qh6 30. Nc3 a6 31. h4 Kb8 32. h5 Bxf5 33. Qxf5 Nb6 34. Ne4 Ka7 35. Qf6 Qxh5 36. Nxd6 Qe2 37. Kc2 Nd5 38. Qf3 Nb4+ 39. Kc1 Nxa2+ 40. Kb1 Qd3+ 41. Kxa2 Qxd2+ 42. Kb1 Qd3+ 43. Kc1 Qc3+ 44. Kd1 1-0


[Site "https://www.chess.com"]

[Event "Titled Tuesday Blitz March 01 Late 2022"]
[White "Karttunen, Mika"]
[Black "Golubovskis, Maksims"]
[WhiteFideId "502081"]
[BlackFideId "11608528"]
[WhiteElo "2343"]
[BlackElo "2066"]
[Result "1-0"]
[Round "06"]
[TimeControl "180+1"]
[Date "2022.03.02"]
[WhiteClock "0:00:49"]
[BlackClock "0:00:52"]

1. e4 c5 2. Nf3 d6 3. d4 cxd4 4. Nxd4 Nf6 5. Nc3 a6 6. h3 e5 7. Nde2 b5 8. g4 Bb7 9. Bg2 h6 10. a4 b4 11. Nd5 Nxd5 12. exd5 Nd7 13. a5 g6 14. h4 h5 15. gxh5 Rxh5 16. Bg5 Be7 17. Ng3 Rh8 18. Bxe7 Qxe7 19. Qg4 Nf6 20. Qxb4 Nxd5 21. Qb3 e4 22. O-O-O Nf4 23. Bxe4 Bxe4 24. Nxe4 Qxe4 25. Rhe1 Ne2+ 26. Kd2 O-O-O 27. Rxe2 Qd4+ 28. Kc1 Qa7 29. Rd3 Rd7 30. Rc3+ Rc7 31. Qxf7 1-0


[Site "https://www.chess.com"]

[Event "Titled Tuesday Blitz March 01 Late 2022"]
[White "Khabinets, Ivan"]
[Black "Miszler, Levente"]
[WhiteFideId "14115980"]
[BlackFideId "763276"]
[WhiteElo "2114"]
[BlackElo "1966"]
[Result "0-1"]
[Round "06"]
[TimeControl "180+1"]
[Date "2022.03.02"]
[WhiteClock "0:00:10"]
[BlackClock "0:00:44"]

1. Nf3 Nf6 2. c4 g6 3. g3 Bg7 4. Bg2 O-O 5. O-O d6 6. Nc3 Nc6 7. d3 e5 8. Rb1 a5 9. a3 h6 10. Ne1 Be6 11. Nd5 Qd7 12. Nxf6+ Bxf6 13. Bxh6 Rfe8 14. b4 axb4 15. axb4 Bh3 16. b5 Ne7 17. Nc2 Bxg2 18. Kxg2 Nf5 19. Bd2 e4 20. Ne3 exd3 21. exd3 Kg7 22. Qf3 Nd4 23. Qxb7 Ra2 24. Rbd1 Nf5 25. Nxf5+ Qxf5 26. Qf3 Qc5 27. Be3 Rxe3 28. d4 Bxd4 29. Qg4 Bf6 30. Rd5 Qa3 31. h4 Ree2 32. h5 Qe3 33. Rf5 Qe6 34. h6+ Kh7 35. Rf4 Qxg4 36. Rxg4 Kxh6 37. Rf4 Kg7 38. Rb1 Rab2 39. Rd1 Rec2 40. Rd5 Be5 41. Rf3 Rxc4 0-1


[Site "https://www.chess.com"]

[Event "Titled Tuesday Blitz March 01 Late 2022"]
[White "Kopczynski, Michal"]
[Black "Scalzo, Antonio R"]
[WhiteFideId "1124200"]
[BlackFideId "2079674"]
[WhiteElo "2235"]
[BlackElo "2312"]
[Result "1-0"]
[Round "06"]
[TimeControl "180+1"]
[Date "2022.03.02"]
[WhiteClock "0:00:28"]
[BlackClock "0:01:27"]

1. e4 Nf6 2. Nc3 d6 3. d4 c6 4. Bg5 Bg4 5. f3 Bh5 6. Qd2 e6 7. O-O-O Be7 8. g4 Bg6 9. h4 h6 10. Be3 h5 11. g5 Nfd7 12. f4 d5 13. exd5 cxd5 14. Bd3 Bxd3 15. Qxd3 g6 16. Nf3 Nc6 17. Ne5 Ndxe5 18. fxe5 O-O 19. Ne2 Rc8 20. a3 Qa5 21. Nf4 Kg7 22. Rdf1 a6 23. Rhg1 Qb5 24. Qd1 Na5 25. Nxh5+ gxh5 26. Qxh5 Bxa3 27. bxa3 Rxc2+ 28. Kxc2 Rc8+ 29. Kd2 Nb3+ 30. Ke1 Qa5+ 31. Kf2 Rc2+ 32. Kg3 1-0


[Site "https://www.chess.com"]

[Event "Titled Tuesday Blitz March 01 Late 2022"]
[White "Kovanova, Baira"]
[Black "Burke, Paul"]
[WhiteFideId "4164083"]
[BlackFideId "2605767"]
[WhiteElo "2190"]
[BlackElo "1817"]
[Result "1-0"]
[Round "06"]
[TimeControl "180+1"]
[Date "2022.03.02"]
[WhiteClock "0:00:15"]
[BlackClock "0:00:01"]

1. e4 e5 2. Nf3 Nc6 3. Bb5 f5 4. d3 Nf6 5. exf5 Be7 6. d4 e4 7. Ne5 O-O 8. O-O a6 9. Be2 d5 10. c4 Bxf5 11. Nc3 Bd6 12. Bf4 Kh8 13. c5 Be7 14. Bg3 Nxe5 15. Bxe5 c6 16. f4 Qd7 17. Qd2 Rad8 18. Qe3 Ng4 19. Bxg4 Bxg4 20. h3 Be6 21. Na4 Rde8 22. Nb6 Qd8 23. g4 Bc8 24. Rf2 Bf6 25. Raf1 Bxe5 26. fxe5 Be6 27. Rf4 Rxf4 28. Qxf4 Qe7 29. Kg2 Kg8 30. Qe3 Rf8 31. Rf4 Rxf4 32. Qxf4 Qf7 33. Kg3 h6 34. b4 g5 35. Qxf7+ Kxf7 36. Kf2 Kg6 37. Na4 h5 38. gxh5+ Kxh5 39. Kg3 Bc8 40. Nc3 Be6 41. a4 Bf5 42. b5 axb5 43. axb5 cxb5 44. Nxb5 e3 45. Nc3 Bd3 46. Nxd5 e2 47. Kf2 Kh4 48. e6 1-0


[Site "https://www.chess.com"]